 Dungeon Crawl Stone Soup version 0.28-a0-687-gb91baff9cc (webtiles) character file.

Game seed: 8595991935384685726

113710 shoop the Martial Artist (level 16, 80/80 HPs)
             Began as a Vine Stalker Delver on Oct 20, 2021.
             Was an Elder of Sif Muna.
             Quit the game on level 3 of the Shoals.
             The game lasted 02:46:26 (31736 turns).

shoop the Martial Artist (Vine Stalker Delver)     Turns: 31736, Time: 02:46:27

Health: 80/80      AC: 16    Str: 23    XL:     16   Next: 63%
Magic:  26/31      EV: 33    Int: 23    God:    Sif Muna [****..]
Gold:   1578       SH:  0    Dex: 20    Spells: 9/35 levels left

rFire   x . .      SeeInvis +   X - +5 flail "Maghimul" {chaos, rF- Will++ SInv}
rCold   . . .      Faith    .   (no shield)
rNeg    + . .      Spirit   +   h - +3 leather armour of the Jackalope {rPois rN+ rCorr}
rPois   +          Reflect  .   U - +0 helmet
rElec   .          Harm     .   i - +1 cloak
rCorr   +          Rampage  .   Z - +0 pair of gloves
Will    +++++                   O - +1 pair of boots "Ewoaxih" {Str+3 Int+2}
Stlth   +++.......              N - amulet of the acrobat
HPRegen 1.23/turn               T - +4 ring of protection
MPRegen 0.22/turn               V - ring "Eneanafy" {Drain Will++ Str+4 Int+6 Dex+3}

@: acrobatic, studying Ice Magic
A: fangs 3, regeneration 1, magic shield, antimagic bite, no potion heal 2
a: Renounce Religion, Channel Magic, Forget Spell, Divine Exegesis


You were on level 3 of the Shoals.
You worshipped Sif Muna.
Sif Muna was greatly pleased with you.
You visited 7 branches of the dungeon, and saw 29 of its levels.
You also visited: Gauntlet and Ice Cave.

You collected 2919 gold pieces.
You spent 1341 gold pieces at shops.

Inventory:

Hand Weapons
 X - the +5 flail "Maghimul" (weapon) {chaos, rF- Will++ SInv}
   (You found it in a Gauntlet)

   Each time it hits an enemy it has a different, random effect.
   rF:        It makes you vulnerable to fire.
   SInv:      It lets you see invisible.
   Will:      It greatly increases your willpower.
Missiles
 F - 67 poisoned darts (quivered)
 Y - 7 javelins
Armour
 h - the +3 leather armour of the Jackalope (worn) {rPois rN+ rCorr}
   (You found it on level 5 of the Dungeon)

   rPois:     It protects you from poison.
   rN:        It protects you from negative energy.
   rCorr:     It protects you from acid and corrosion.
 i - a +1 cloak (worn)
 x - the +1 ring mail of the Alphagorgon {rPois Will++}
   (You found it on level 5 of the Lair of Beasts)

   rPois:     It protects you from poison.
   Will:      It greatly increases your willpower.
 H - the +0 pair of boots of the Known World {rPois Int+4 Dex+3}
   (You found it in an ice cave)

   Int:       It affects your intelligence (+4).
   Dex:       It affects your dexterity (+3).
   rPois:     It protects you from poison.
 O - the +1 pair of boots "Ewoaxih" (worn) {Str+3 Int+2}
   (You bought it in a shop on level 1 of the Orcish Mines)

   Str:       It affects your strength (+3).
   Int:       It affects your intelligence (+2).
 U - a +0 helmet (worn)
 Z - a +0 pair of gloves (worn)
Jewellery
 a - a ring of protection from fire
 p - the ring of Attitude {Ice rCorr}
   (You found it in a Gauntlet)

   [ring of ice]

   It enhances your ice magic.
   rF:        It makes you vulnerable to fire.
   rC:        It protects you from cold.
   rCorr:     It protects you from acid and corrosion.
 z - a +6 ring of intelligence
 L - the amulet of Velurgh {Reflect Rampage rF+ rC- Slay+4 SH+5}
   (You found it on level 2 of the Lair of Beasts)

   [amulet of reflection]

   It reflects blocked missile attacks.
   Slay:      It affects your accuracy & damage with ranged weapons and melee
   (+4).
   rF:        It protects you from fire.
   rC:        It makes you vulnerable to cold.
   SH:        It affects your SH (+5).
   Rampage:   It bestows one free step when moving towards enemies.
 N - an amulet of the acrobat (around neck)
 T - a +4 ring of protection (left hand)
 V - the ring "Eneanafy" (right hand) {Drain Will++ Str+4 Int+6 Dex+3}
   (You found it in an ice cave)

   [ring of intelligence]

   Str:       It affects your strength (+4).
   Int:       It affects your intelligence (+6).
   Dex:       It affects your dexterity (+3).
   Drain:     It drains your maximum health when unequipped.
   Will:      It greatly increases your willpower.
 W - a ring of positive energy
Wands
 g - a wand of digging (18)
 j - a wand of iceblast (56)
 s - a wand of acid (21)
 y - a wand of flame (86)
 I - a wand of polymorph (49)
 P - a wand of paralysis (17)
Scrolls
 b - 5 scrolls of identify
 c - 3 scrolls of fog
 d - 6 scrolls of magic mapping
 k - 7 scrolls of teleportation
 m - 4 scrolls of blinking
 n - 2 scrolls of immolation
 o - 4 scrolls of holy word
 t - 3 scrolls of summoning
 u - 3 scrolls of fear
 B - 5 scrolls of vulnerability
 D - 4 scrolls of amnesia
 G - 3 scrolls of enchant armour
Potions
 f - 4 potions of haste
 l - 6 potions of curing
 q - 2 potions of ambrosia
 r - 7 potions of attraction
 v - 7 potions of might
 w - 2 potions of berserk rage
 A - 6 potions of brilliance
 C - 3 potions of resistance
 J - 3 potions of lignification
 M - 3 potions of invisibility
 R - a potion of magic
Miscellaneous
 e - a phantom mirror
 E - a phial of floods
 K - a tin of tremorstones (2/2)
 Q - a condenser vane


   Skills:
 - Level 7.0 Fighting
 - Level 2.8 Long Blades
 - Level 1.0 Throwing
 - Level 2.0 Armour
 - Level 9.0 Dodging
 - Level 6.0 Stealth
 - Level 14.0 Unarmed Combat
 - Level 10.0 Spellcasting
 + Level 5.6 Conjurations
 - Level 2.0 Translocations
 - Level 10.0 Transmutations
 + Level 9.7 Ice Magic
 + Level 5.6 Air Magic
 - Level 3.1 Poison Magic
 - Level 13.0 Invocations
 - Level 6.0 Evocations


You had 9 spell levels left.
You knew the following spells:

 Your Spells              Type           Power      Damage    Failure   Level
a - Blade Hands           Tmut           27%        N/A       3%          5
b - Blink                 Tloc           N/A        N/A       4%          2
c - Wereblood             Tmut           55%        N/A       1%          2
d - Apportation           Tloc           40%        N/A       2%          1
e - Beastly Appendage     Tmut           100%       N/A       1%          1
f - Mephitic Cloud        Conj/Pois/Air  33%        N/A       2%          3
g - Ice Form              Ice/Tmut       54%        N/A       1%          4
s - Swiftness             Air            37%        N/A       1%          3
z - Freezing Cloud        Conj/Ice/Air   21%        6-21      10%         5

Your spell library contained the following spells:

 Spells                   Type           Power      Damage    Failure   Level
 Magic Dart               Conj           100%       1d8       1%          1
 Shock                    Conj/Air       100%       1d9       1%          1
 Sting                    Tmut/Pois      100%       1d8       1%          1
 Poisonous Vapours        Pois/Air       62%        N/A       1%          2
 Static Discharge         Conj/Air       37%        N/A       1%          2
 Frozen Ramparts          Ice            100%       1d12      1%          3
 Ozocubu's Armour         Ice            54%        N/A       1%          3
 Spider Form              Tmut/Pois      20%        N/A       1%          3
 Ignite Poison            Fire/Tmut/Pois 31%        N/A       3%          3
 Animate Skeleton         Necr           22%        N/A       6%          1
 Summon Small Mammal      Summ           44%        N/A       6%          1
 Dazzling Flash           Conj/Hex       48%        N/A       6%          3
 Airstrike                Air            18%        N/A       6%          4
 Lesser Beckoning         Tloc           20%        N/A       9%          3
 Summon Ice Beast         Ice/Summ       33%        N/A       9%          4
 Alistair's Intoxication  Tmut/Pois      27%        N/A       12%         5
 Portal Projectile        Hex/Tloc       32%        N/A       13%         3
 Iskenderun's Mystic Bla  Conj/Tloc      29%        2d7       14%         4
 Call Canine Familiar     Summ           11%        N/A       19%         3
 Olgreb's Toxic Radiance  Pois           25%        N/A       19%         4
 Lightning Bolt           Conj/Air       18%        1d33      19%         5
 Summon Lightning Spire   Summ/Air       24%        N/A       21%         4
 Metabolic Englaciation   Hex/Ice        16%        N/A       24%         5
 Leda's Liquefaction      Hex/Erth       5%         N/A       54%         4
 Eringya's Noxious Bog    Tmut/Pois      20%        N/A       56%         6
 Manifold Assault         Tloc           20%        N/A       61%         5
 Summon Forest            Summ/Tloc      8%         N/A       75%         5
 Simulacrum               Ice/Necr       16%        N/A       80%         6
 Borgnjor's Vile Clutch   Necr/Erth      5%         N/A       87%         5
 Excruciating Wounds      Necr           5%         N/A       87%         5
 Summon Mana Viper        Hex/Summ       11%        N/A       87%         5
 Storm Form               Tmut/Air       23%        N/A       92%         7
 Starburst                Conj/Fire      12%        6d5       97%         6
 Summon Cactus Giant      Summ           5%         N/A       100%        6
 Malign Gateway           Summ/Tloc      8%         N/A       100%        7
 Lehudib's Crystal Spear  Conj/Erth      12%        10d4      100%        8
 Maxwell's Capacitive Co  Air            18%        ∞         100%        8
 Shatter                  Erth           5%         3d8*      100%        9


Dungeon Overview and Level Annotations

Branches:
Dungeon (15/15)            Temple (1/1) D:4            Lair (6/6) D:9
 Shoals (3/4) Lair:2       Spider (1/4) Lair:2        Slime (0/5) Lair:6
    Orc (2/2) D:9             Elf (1/3) Orc:2        Depths (0/4) D:15
  IceCv (visited)         Gauntlet (visited)
 Vaults: D:13-14

Altars:
Ashenzari
Cheibriados
Dithmenos
Elyvilon
Fedhas
Gozag
Kikubaaqudgha
Makhleb
Nemelex Xobeh
Okawaru
Qazlal
Ru
Sif Muna
Trog
Uskayaw
Vehumet
Wu Jian
Xom
Yredelemnul
Zin
The Shining One
Beogh
Jiyva

Shops:
D:4 [   D:7 :   Orc:1 [=[*   Orc:2 :(?![

Portals:
Trove: D:15 (give +5 fire dragon scales)

Annotations:
D:4 1 runed translucent door
D:8 exclusion: 2 oklob saplings
D:12 1 exclusion, Psyche
D:13 exclusions: 2 doors and freezing wraith
D:15 exclusion: door
Lair:5 exclusion: door
Lair:6 exclusions: hydra and 2 yaks
Spider:1 Rupert


Innate Abilities, Weirdness & Mutations

You have razor-sharp teeth.
Your natural rate of healing is unusually fast.
When hurt, damage is shared between your health and your magic reserves.
Your bite disrupts and absorbs the magic of your enemies.
Potions cannot restore your health.


Message History

The faun hits you with a +0 club.
The satyr is engulfed in freezing vapours.
The satyr plays a frightful melody on his pipes!
The satyr radiates an aura of fear!
You resist with almost no effort.
Unknown command.
You pummel the faun!! You freeze the faun!
The faun is almost dead.
You pummel the faun!! You freeze the faun.
You kill the faun!
Sif Muna accepts your kill.
The satyr is engulfed in freezing vapours.
The satyr shoots a sling bullet.
The sling bullet closely misses you.
The satyr is engulfed in freezing vapours.
The satyr shoots a sling bullet.
The sling bullet barely misses you.
Save game and exit?
Welcome back, shoop the Vine Stalker Delver.
Sif Muna whispers: I know many secrets...
Press ? for a list of commands and other information.
The satyr is engulfed in freezing vapours.
The satyr shoots a sling bullet.
The sling bullet hits you! Sif Muna accepts your kill.
You feel a bit more experienced.
You feel your willpower return.
There is a stone staircase leading up here.
You start resting.
Sif Muna will no longer gift you books.
You start resting.
HP restored.
You start resting.
Your transformation is almost over.
You start resting.
You warm up again.
The +5 flail "Maghimul" {chaos, rF- Will++ SInv} unmelds from your body.
Your +1 cloak unmelds from your body.
Your +0 helmet unmelds from your body.
Your +0 pair of gloves unmelds from your body.
The +1 pair of boots "Ewoaxih" {Str+3 Int+2} unmelds from your body.
The +3 leather armour of the Jackalope {rPois rN+ rCorr} unmelds from your body.
The +5 flail "Maghimul" {chaos, rF- Will++ SInv} is briefly surrounded by a scintillating aura of random colours.
Unknown command.
Are you sure you want to abandon this character and quit the game? (Confirm with "yes".)

.≈≈≈≈≈≈≈..... ......≈≈≈
..≈≈≈≈≈≈≈≈≈..# ..≈..≈≈≈≈
..≈.≈≈≈≈≈.≈.(###.....≈≈≈≈
..≈≈≈≈≈≈≈≈≈.....≈≈.≈≈≈≈≈≈
≈≈≈.≈≈..≈≈≈..........≈.≈≈
.≈≈..........)(.........≈
.≈≈.........c(()..≈....≈≈
.≈≈≈##.......##(..≈≈...≈≈≈≈
.≈≈.###≈≈≈..####@.≈≈..≈≈≈≈≈≈≈≈≈≈
≈≈≈....≈>(.## ##..≈≈≈≈≈≈≈≈≈≈≈≈≈
....##(.≈≈.# ##..≈≈≈≈≈≈≈≈≈≈≈≈≈
.#..###.(≈.#####..≈..≈≈≈≈≈≈≈≈≈≈≈
....# #.≈(.......≈≈..≈≈≈≈≈≈≈≈≈≈≈
≈≈≈.# #.....#...≈≈≈..≈≈≈≈≈≈≈≈≈≈≈
≈≈≈.........#.......≈..≈≈≈≈≈≈≈≈≈
≈≈≈≈..≈..≈≈..†...###.....≈≈≈≈≈≈≈
≈≈....≈.≈≈≈≈≈....##......≈≈≈≈≈≈≈


There were no monsters in sight!

Vanquished Creatures
  A shard shrike (IceCv)
  A minotaur (Gauntlet)
  A white draconian (IceCv)
  2 merfolk impalers
  Fannar (D:11)
  A great orb of eyes (D:15)
  Erolcha (D:11)
  4 ironbound frosthearts (IceCv)
  2 boulder beetles
  2 centaur warriors
  An anaconda (Lair:6)
  3 death yaks
  4 satyrs
  4 ogre magi (Orc:2)
  An orc high priest (Orc:2)
  3 two-headed ogres
  4 tengu warriors
  Nergalle (Orc:2)
  5 skeletal warriors (D:15)
  A deep troll (Orc:2)
  5 sea snakes
  3 orc knights
  Pikel (D:5)
  A deep elf zephyrmancer (Elf:1)
  An orange crystal statue (IceCv)
  A necromancer (Lair:5)
  5 harpies
  2 deep elf pyromancers
  34 ugly things
  3 cyclopes
  7 orc sorcerers
  A wolf spider (Lair:6)
  13 fauns
  6 manticores
  4 elephants (Lair:6)
  10 black mambas
  A guardian serpent (Lair:6)
  A merfolk siren (Shoals:3)
  2 gargoyles
  13 cane toads
  2 unseen horrors
  12 rime drakes (IceCv)
  The ghost of bande the Covered, a novice GrFi (D:4)
  A tengu conjurer (D:13)
  4 komodo dragons
  A troll (Orc:1)
  A freezing wraith (D:15)
  3 merfolk (Shoals:3)
  17 polar bears
  A tyrant leech (Lair:2)
  A wind drake (Lair:2)
  5 snapping turtles
  20 slime creatures
  9 dream sheep
  4 hornets
  7 blink frogs
  A vampire (D:11)
  5 centaur simulacra
  A redback (Lair:6)
  A wraith (D:10)
  A tarantella (Lair:2)
  A shadow (D:12)
  12 wyverns
  A ynoxinul (Gauntlet)
  47 yaks
  4 basilisks
  3 chaos spawn (Gauntlet)
  A neqoxec (Gauntlet)
  6 vampire mosquitoes
  4 steam dragons
  3 swamp worms (Lair:2)
  3 wargs
  3 acid dragons
  24 water moccasins
  A black bear (D:6)
  15 orc warriors
  3 boggarts (D:15)
  A sky beast (D:8)
  7 ogres
  3 necrophages
  20 centaurs
  13 wolves
  3 lemures
  3 kobold brigands
  9 bullfrogs
  A wyvern zombie (D:8)
  3 scorpions
  A cane toad simulacrum (Gauntlet)
  A water moccasin skeleton (D:4)
  18 killer bees
  19 wights
  3 howler monkeys
  3 vampire bats (D:12)
  An electric eel (Lair:5)
  5 centaur zombies
  3 jellies
  A wyvern simulacrum (Gauntlet)
  2 iron imps (Gauntlet)
  A hound (D:7)
  2 centaur skeletons
  A gnoll shaman (D:7)
  6 orc priests
  2 iguanas (D:6)
  Terence (D:3)
  A bullfrog skeleton (D:5)
  28 orc wizards
  2 yak simulacra (Lair:5)
  A howler monkey zombie (D:6)
  6 gnolls
  2 river rats (D:4)
  10 adders
  A shadow imp (D:5)
  A white imp (D:6)
  An ufetubus (D:7)
  3 worms
  3 dart slugs
  53 orcs
  4 bats
  4 bat skeletons (D:12)
  2 bat zombies (D:12)
  8 endoplasms
  4 giant cockroaches
  9 goblins
  6 hobgoblins
  5 jackals
  19 kobolds
  4 quokkas
  11 ball pythons
  5 rats
712 creatures vanquished.

Vanquished Creatures (others)
  A wizard (D:15)
  14 demonic plants (Gauntlet)
  30 fungi
  83 plants
128 creatures vanquished.

Grand Total: 840 creatures vanquished

Notes
Turn   | Place    | Note
-------+----------+-------------------------------------------
     0 | D:5      | shoop the Vine Stalker Delver began the quest for the Orb.
     0 | D:5      | Reached XP level 1. HP: 11/11 MP: 2/2
    31 | D:5      | Reached XP level 2. HP: 7/16 MP: 0/3
   269 | D:5      | Noticed an ogre
   271 | D:5      | Identified the +3 leather armour of the Jackalope {rPois
                  | rN+ rCorr}
   272 | D:5      | Noticed an ogre
   647 | D:1      | Reached XP level 3. HP: 14/19 MP: 4/4
   866 | D:1      | Reached skill level 1 in Armour
  1650 | D:2      | Found a faded altar of an unknown god.
  1658 | D:2      | Got Plato's Collected Works on Conjuration
  2012 | D:3      | Gained mutation: Your natural rate of healing is unusually
                  | fast. [Vine Stalker growth]
  2012 | D:3      | Reached XP level 4. HP: 16/23 MP: 5/5
  2309 | D:3      | Found a bloodstained altar of Trog.
  2339 | D:3      | Noticed Terence
  2350 | D:3      | Reached skill level 1 in Evocations
  2640 | D:4      | Found Utaitit's Armour Boutique.
  2671 | D:4      | Found a runed translucent door.
  2673 | D:4      | Noticed bande's ghost (novice GrFi)
  2834 | D:4      | Reached XP level 5. HP: 28/28 MP: 6/6
  3186 | D:4      | Found a staircase to the Ecumenical Temple.
  3192 | Temple   | Entered the Ecumenical Temple
  3311 | Temple   | Became a worshipper of Sif Muna the Loreminder
  3358 | D:4      | Reached skill level 1 in Unarmed Combat
  3413 | D:4      | Reached skill level 2 in Unarmed Combat
  3413 | D:4      | Reached XP level 6. HP: 32/32 MP: 7/7
  3506 | D:4      | Reached skill level 3 in Unarmed Combat
  3587 | D:4      | Found a runed translucent door.
  3890 | D:5      | Learned a level 1 spell: Beastly Appendage
  3975 | D:5      | Noticed Pikel
  3975 | D:5      | Noticed a necrophage
  4262 | D:6      | Reached skill level 1 in Spellcasting
  4262 | D:6      | Reached skill level 1 in Transmutations
  4346 | D:6      | Reached skill level 4 in Unarmed Combat
  4346 | D:6      | Reached XP level 7. HP: 27/36 MP: 9/9
  4766 | D:6      | Reached skill level 5 in Unarmed Combat
  4806 | D:6      | Noticed a steam dragon
  5028 | D:7      | Noticed a steam dragon
  5096 | D:7      | Gained mutation: You have razor-sharp teeth. [Vine Stalker
                  | growth]
  5096 | D:7      | Reached XP level 8. HP: 31/40 MP: 8/12
  5391 | D:5      | Learned a level 5 spell: Blade Hands
  5394 | D:5      | Learned a level 2 spell: Wereblood
  5454 | D:5      | Reached skill level 6 in Unarmed Combat
  5595 | D:5      | Killed Pikel
  5596 | D:5      | Reached skill level 7 in Unarmed Combat
  5640 | D:5      | Reached * piety under Sif Muna
  5641 | D:5      | Reached XP level 9. HP: 43/44 MP: 12/14
  5754 | D:4      | Reached skill level 8 in Unarmed Combat
  5884 | D:6      | Reached skill level 5 in Transmutations
  6347 | D:7      | Found a sparkling altar of Nemelex Xobeh.
  6462 | D:7      | Reached skill level 9 in Unarmed Combat
  6949 | D:7      | Found Zarruos's Book Shop.
  7024 | D:7      | Reached ** piety under Sif Muna
  7187 | D:8      | Reached skill level 5 in Spellcasting
  7280 | D:8      | Reached XP level 10. HP: 49/49 MP: 18/18
  8441 | D:9      | Found a staircase to the Lair.
  8441 | D:9      | Noticed a death yak
  8441 | D:9      | Noticed a death yak
  8484 | D:10     | Entered Level 10 of the Dungeon
  8536 | D:9      | Reached skill level 1 in Throwing
  8684 | D:10     | Noticed a deep elf pyromancer
  8685 | D:10     | Noticed a centaur warrior
  8686 | D:10     | Noticed a deep elf pyromancer
  8714 | D:10     | Identified the +2 falchion of the Puffball {freeze, *Slow
                  | +Blink rC+}
  8714 | D:10     | Noticed a deep elf pyromancer
  8729 | D:10     | Noticed a seven-headed hydra
  8730 | D:10     | Noticed a five-headed hydra
  8739 | D:10     | Noticed a rakshasa
  8799 | D:10     | Killed an unseen horror
  8896 | D:10     | Reached skill level 10 in Unarmed Combat
  8996 | D:10     | Noticed a cane toad
  8996 | D:10     | Noticed a cyclops
  8996 | D:10     | Noticed a lindwurm
  9005 | D:9      | Killed a deep elf pyromancer
  9124 | D:9      | Noticed a two-headed ogre
  9334 | D:9      | Reached *** piety under Sif Muna
  9478 | D:9      | Found a staircase to the Orcish Mines.
  9755 | Orc:1    | Entered Level 1 of the Orcish Mines
  9956 | D:3      | Killed Terence
 10029 | D:4      | Killed bande's ghost
 10347 | D:8      | Reached XP level 11. HP: 45/52 MP: 18/22
 10353 | D:8      | Reached skill level 11 in Unarmed Combat
 10466 | D:8      | Learned a level 1 spell: Apportation
 10855 | D:8      | Killed a death yak
 10933 | D:9      | Noticed a death yak
 10988 | D:9      | Killed a death yak
 11084 | D:9      | Killed a death yak
 11307 | D:10     | Found an ancient bone altar of Kikubaaqudgha.
 11310 | D:10     | Found a glowing golden altar of the Shining One.
 11311 | D:10     | Found a shimmering altar of Xom.
 11311 | D:10     | Found a basalt altar of Yredelemnul.
 11437 | D:10     | Found a burning altar of Makhleb.
 11476 | D:10     | Found an opulent altar of Gozag.
 11688 | D:10     | Found a glowing silver altar of Zin.
 11734 | D:10     | Learned a level 2 spell: Blink
 11971 | D:10     | Noticed a four-headed hydra
 11973 | D:10     | Noticed a deep troll
 12056 | D:11     | Noticed a two-headed ogre
 12124 | Lair:1   | Entered Level 1 of the Lair of Beasts
 12215 | Lair:1   | Noticed a six-headed hydra
 12244 | D:9      | Killed a two-headed ogre
 12245 | D:9      | Reached skill level 12 in Unarmed Combat
 12245 | D:9      | Reached skill level 1 in Translocations
 12368 | D:11     | Noticed a two-headed ogre
 12599 | D:11     | Killed a two-headed ogre
 12770 | D:11     | Noticed an orc knight
 12977 | Orc:1    | Reached **** piety under Sif Muna
 12983 | Orc:1    | Noticed an orc sorcerer
 12984 | Orc:1    | Found Ogienkeh's General Store.
 12987 | Orc:1    | Killed an orc sorcerer
 13073 | Orc:1    | Bought a scroll of blinking for 105 gold pieces
 13155 | Orc:1    | Found Yttiwiask's Armour Boutique.
 13232 | Orc:2    | Entered Level 2 of the Orcish Mines
 13232 | Orc:2    | Found a staircase to the Elven Halls.
 13365 | Orc:1    | Found Cecletuz's Armour Shoppe.
 13385 | Orc:1    | Reached XP level 12. HP: 55/56 MP: 23/25
 13392 | Orc:1    | Found Odiyh's Jewellery Shop.
 13734 | Orc:2    | Reached skill level 10 in Transmutations
 13883 | Orc:2    | Noticed a two-headed ogre
 13894 | Orc:2    | Learned a level 3 spell: Mephitic Cloud
 13918 | Orc:2    | Noticed an orc high priest
 14291 | Orc:2    | Reached skill level 1 in Conjurations
 14291 | Orc:2    | Reached skill level 1 in Air Magic
 14291 | Orc:2    | Reached skill level 1 in Poison Magic
 14327 | Orc:2    | Killed a two-headed ogre
 14448 | Orc:2    | Killed an orc high priest
 14469 | Orc:2    | Found Yje Kijo's Armour Emporium.
 14975 | Orc:2    | Noticed an ogre mage
 14992 | Orc:2    | Killed an ogre mage
 15060 | Orc:2    | Found Kyxtodump's Magic Scroll Shoppe.
 15065 | Orc:2    | Found Nyuts's Distillery.
 15135 | Orc:2    | Found an ancient bone altar of Kikubaaqudgha.
 15135 | Orc:2    | Noticed Nergalle
 15163 | Orc:2    | Reached ***** piety under Sif Muna
 15176 | Orc:2    | Killed Nergalle
 15181 | Orc:2    | Received a gift from Sif Muna
 15182 | Orc:2    | Got Sif Muna's Reference Book on the Ashen Entourage {god
                  | gift}
 15279 | Orc:2    | Noticed an ogre mage
 15356 | Orc:2    | Found a radiant altar of Vehumet.
 15356 | Orc:2    | Noticed an ogre mage
 15382 | Orc:2    | Killed an ogre mage
 15383 | Orc:2    | Reached skill level 5 in Fighting
 15455 | Orc:2    | Found Vomne's Antique Weapon Shoppe.
 15471 | Orc:2    | Killed an ogre mage
 15576 | Orc:2    | Reached skill level 5 in Dodging
 15636 | Orc:2    | Noticed an ogre mage
 15639 | Orc:2    | Killed an ogre mage
 15698 | Orc:2    | Found Potsogoi's Book Emporium.
 15814 | Orc:2    | Bought a potion of resistance for 150 gold pieces
 15814 | Orc:2    | Bought a potion of mutation for 120 gold pieces
 15814 | Orc:2    | Bought a potion of invisibility for 120 gold pieces
 15832 | Orc:2    | Bought a scroll of teleportation for 39 gold pieces
 15832 | Orc:2    | Bought a scroll of teleportation for 39 gold pieces
 15934 | Orc:1    | Bought an amulet of the acrobat for 390 gold pieces
 16002 | Orc:1    | Bought the +1 pair of boots "Ewoaxih" {Str+3 Int+2} for 378
                  | gold pieces
 16246 | Lair:1   | Reached skill level 1 in Invocations
 16246 | Lair:1   | Reached XP level 13. HP: 62/65 MP: 20/26
 17328 | Lair:2   | Reached skill level 5 in Invocations
 17403 | Lair:2   | Found a hole to the Spider Nest.
 17549 | Lair:2   | Found a staircase to the Shoals.
 17961 | Lair:3   | Received a gift from Sif Muna
 19400 | Lair:5   | Reached skill level 10 in Invocations
 19431 | Lair:6   | Entered Level 6 of the Lair of Beasts
 19476 | Lair:6   | Found a viscous altar of Jiyva.
 19476 | Lair:6   | Found a staircase to the Slime Pits.
 19700 | Lair:5   | Identified the +1 ring mail of the Alphagorgon {rPois
                  | Will++}
 20317 | Lair:6   | Reached XP level 14. HP: 56/70 MP: 21/27
 20635 | Lair:6   | Received a gift from Sif Muna
 21286 | Lair:6   | Got Xuosuora's Reference Book on Venomous Clay
 21859 | Lair:6   | Learned a level 3 spell: Swiftness
 22309 | D:11     | Noticed Erolcha
 22324 | D:11     | Noticed Fannar
 22337 | D:11     | Killed Fannar
 22344 | D:11     | Killed Erolcha
 22451 | D:11     | Noticed Maurice
 22453 | D:11     | Noticed Maurice
 22453 | D:11     | Maurice changed into Maurice the killer bee
 22458 | D:11     | Killed Maurice the killer bee
 23448 | D:12     | Found an ancient bone altar of Kikubaaqudgha.
 23598 | D:12     | Reached skill level 13 in Unarmed Combat
 24262 | D:12     | Noticed Psyche
 24301 | D:12     | Received a gift from Sif Muna
 25063 | D:13     | Found a gate leading to a gauntlet.
 25081 | Gauntlet | Entered a Gauntlet
 25081 | Gauntlet | Found a transporter.
 25081 | Gauntlet | Found a transporter.
 25083 | Gauntlet | Found a transporter.
 25085 | Gauntlet | Found a transporter.
 25099 | Gauntlet | Found a transporter.
 25164 | Gauntlet | Found a transporter.
 25180 | Gauntlet | Found a transporter.
 25193 | Gauntlet | Found a transporter.
 25212 | Gauntlet | Found a transporter.
 25223 | Gauntlet | Found a transporter.
 25229 | Gauntlet | Found a transporter.
 25255 | Gauntlet | Found a transporter.
 25422 | Gauntlet | Identified the ring of Attitude {Ice rCorr}
 25558 | Gauntlet | Identified the -6 helmet "Vyliasch" {rElec rPois rC- Dex+4}
 25655 | Gauntlet | Identified the +5 flail "Maghimul" {chaos, rF- Will++ SInv}
 25814 | D:13     | Reached XP level 15. HP: 74/75 MP: 26/29
 26384 | D:14     | Reached skill level 14 in Unarmed Combat
 26687 | D:15     | Entered Level 15 of the Dungeon
 26925 | D:15     | Found a frozen archway.
 27016 | D:15     | Found a portal to a secret trove of treasure.
 27117 | IceCv    | Entered an ice cave
 27353 | IceCv    | Reached skill level 10 in Spellcasting
 27711 | IceCv    | Reached skill level 5 in Evocations
 28059 | IceCv    | Noticed a shard shrike
 28272 | IceCv    | Killed a shard shrike
 28519 | IceCv    | Identified the +0 pair of boots of the Known World {rPois
                  | Int+4 Dex+3}
 28522 | IceCv    | Identified the ring "Eneanafy" {Drain Will++ Str+4 Int+6
                  | Dex+3}
 28666 | D:15     | Found a staircase to the Depths.
 28983 | D:15     | Learned a level 5 spell: Freezing Cloud
 29056 | D:15     | Reached skill level 1 in Ice Magic
 29084 | D:15     | Reached XP level 16. HP: 80/80 MP: 31/31
 29258 | D:15     | Reached skill level 5 in Ice Magic
 29841 | Spider:1 | Entered Level 1 of the Spider Nest
 29841 | Spider:1 | Noticed Rupert
 30053 | Lair:2   | Identified the amulet of Velurgh {Reflect Rampage rF+ rC-
                  | Slay+4 SH+5}
 30207 | Elf:1    | Entered Level 1 of the Elven Halls
 30541 | Shoals:1 | Entered Level 1 of the Shoals
 31033 | Shoals:3 | Received a gift from Sif Muna
 31330 | Shoals:3 | Reached skill level 5 in Conjurations
 31330 | Shoals:3 | Reached skill level 5 in Air Magic
 31605 | Shoals:2 | Learned a level 4 spell: Ice Form
 31736 | Shoals:3 | Quit the game

Illustrated notes

Levels and vault maps discovered:
D:1:      wander_arrival_desolate, layout_loops_ring, nrook_loot_triangle
D:2:      layout_rooms, shapermc_ecumenical_altar_rom_forum
D:3:      layout_loops_ring, lightli_temple_of_fire, serial_bayou_pond_a,
          uniq_terence
D:4:      layout_layer_cave, minmay_temple_entry_gardened_gates,
          ebering_ghost_sewer_f, serial_shops, shop
D:5:      layout_rooms, uniq_pikel
D:6:      layout_basic, eino_tiny_chamber
D:7:      layout_loops_cross, nemelex_dance_club_becter, serial_shops,
          nicolae_shop_statue_plus, serial_bayou_pond_a, minmay_misc_feat_doors
D:8:      layout_loops_ring, introduction_to_nature_1
D:9:      layout_basic, dpeg_lair_monsters, hiddenorc1_lemuel,
          kennysheep_generic_room_11
D:10:     layout_layer_cave, pdpol_temple_overflow_zin_treasury_gozag_greed,
          lemuel_doored_altar, chequers_temple_overflow_statue_of_worship,
          minivault_12
D:11:     layout_roguey, uniq_maurice, uniq_fannar, uniq_erolcha
D:12:     layout_cave_pods, kennysheep_vampire_church, uniq_psyche
D:13:     layout_irregular_city, lightli_vaults_fourway_checkpoint,
          gauntlet_entry_generic
D:14:     layout_cross, serial_column_ruins, column_ruins_hut_ruined,
          column_ruins_grid_3, column_ruins_open_small_water,
          column_ruins_open_small, minmay_misc_feat_square, st_stairs_6
D:15:     grunt_enter_depths_snipers, layout_basic, amethyst_killhole,
          enter_trove_3, portal_ice_cave_entry_pillars_four
Temple:   oiseaux_autumnal_temple
Lair:1:   layout_small_grid
Lair:2:   layout_regular_city, minmay_shoals_entry_hut,
          spider_nest_entry_rubble, st_stairs_8, worms_lemuel
Lair:3:   layout_misc_corridors, grunt_megastairs_3
Lair:4:   layout_regular_city, grunt_megastairs_1
Lair:5:   layout_hall_layers, serial_bayou_pond_c, grunt_forest_small_clearings,
          minivault_25, eino_house_with_fridge, lemuel_fruit_tree,
          infiniplex_staircase_pool
Lair:6:   hangedman_lair_tendril_chambers, layout_cave_shapes, slime_altar_1,
          infiniplex_staircase_pool_2, lemuel_fruit_fields
Shoals:1: layout_shoals
Shoals:2: layout_shoals, uniq_ilsuiw
Shoals:3: layout_shoals, serial_shops, nicolae_shop_behind_doors
Spider:1: layout_spider_delve, guppyfry_spider_mini_3, uniq_rupert, uniq_aizul
Orc:1:    layout_caves, serial_shops, nicolae_lakefront_shop, shop,
          nicolae_shop_temple_entry_statues_fountains, shop
Orc:2:    kennysheep_orc_mage_school, layout_diamond_mine, basic_altar,
          guppyfry_orc_lava_fort
Elf:1:    nicolae_elf_arrival_no_cutting_in_line, layout_geoelf_grid,
          special_room [special_room_mythical_zoo], evilmike_minifort,
          minivault_27

Skill      XL: |  1  2  3  4  5  6  7  8  9 10 11 12 13 14 15 16 |
---------------+-------------------------------------------------+-----
Long Blades    | 2 |  2.8
Armour         | 2 |  2.0
Fighting       | 3 6 7 |  7.0
Dodging        | 2 5 9 |  9.0
Evocations     | 1 2 3 6 |  6.0
Unarmed Combat | 2 4 5 7 9 10 12 13 14 | 14.0
Spellcasting   | 1 2 3 5 6 8 9 10 | 10.0
Transmutations | 1 2 4 7 8 9 10 | 10.0
Throwing       | 1 |  1.0
Translocations | 2 |  2.0
Conjurations   | 3 5 |  5.6
Air Magic      | 3 5 |  5.6
Poison Magic   | 3 |  3.1
Invocations    | 1 10 13 | 13.0
Ice Magic      | 2 9 |  9.7
Stealth        | |  6.0

Action                   |  1- 3 |  4- 6 |  7- 9 | 10-12 | 13-15 | 16-18 || total
-------------------------+-------+-------+-------+-------+-------+-------++-------
Melee: Falchion          |   116 |   127 |       |       |       |       ||   243
       Bite              |    17 |    55 |    70 |   120 |   279 |    54 ||   595
       Unarmed           |       |    45 |   257 |   451 |   867 |   165 ||  1785
       Kick              |       |    11 |    85 |    79 |       |       ||   175
       Headbutt          |       |     8 |    59 |    56 |       |       ||   123
       Punch             |       |     3 |    11 |    31 |    63 |    15 ||   123
       Flail             |       |       |       |       |    15 |     8 ||    23
Throw: Dart              |       |       |       |    31 |    24 |     1 ||    56
 Cast: Beastly Appendage |       |     8 |    48 |    40 |       |       ||    96
       Wereblood         |       |       |     1 |     4 |       |     2 ||     7
       Blade Hands       |       |       |       |    23 |   143 |    25 ||   191
       Blink             |       |       |       |     3 |     5 |       ||     8
       Apportation       |       |       |       |     1 |       |       ||     1
       Mephitic Cloud    |       |       |       |    48 |     4 |     3 ||    55
       Maxwell's Capacit |       |       |       |       |     2 |       ||     2
       Shatter           |       |       |       |       |     1 |       ||     1
       Freezing Cloud    |       |       |       |       |       |     7 ||     7
       Ice Form          |       |       |       |       |       |     2 ||     2
Invok: Divine Exegesis   |       |       |       |       |     3 |       ||     3
 Abil: End Transformatio |       |       |       |       |     2 |     3 ||     5
Evoke: Wand              |       |       |     9 |     2 |     4 |       ||    15
       Condenser vane    |       |       |       |       |     1 |       ||     1
  Use: Potion            |     1 |       |       |     1 |       |       ||     2
       Scroll            |     1 |     1 |     4 |     7 |     9 |       ||    22
 Stab: Sleeping          |    14 |     3 |     4 |     2 |     4 |       ||    27
       Distracted        |       |       |       |     1 |     1 |       ||     2
       Confused          |       |       |       |     6 |     7 |     3 ||    16
Armor: Leather armour    |    58 |    62 |    78 |   135 |   229 |    45 ||   607
       Skin              |       |       |       |       |       |     1 ||     1
Dodge: Dodged            |    53 |   115 |   135 |   234 |   557 |   202 ||  1296

Table legend: (Time is in decaauts)
 A = Elapsed time spent in this place.
 B = Non-inter-level travel time spent in this place.
 C = Inter-level travel time spent in this place.
 D = Time resting spent in this place.
 E = Time spent auto-exploring this place.
 F = Levels seen in this place.
 G = Mean time per level.
                   A        B        C        D        E       F      G
               +--------+--------+--------+--------+--------+-----+--------+
         Total |  31553 |  28779 |   2774 |   3139 |  16113 |  31 | 1017.8 |
       Dungeon |  18281 |  16676 |   1605 |   1050 |  10373 |  15 | 1218.7 |
        Temple |    138 |    119 |     19 |      0 |     94 |   1 |  138.0 |
          Lair |   6458 |   5840 |    618 |    334 |   4119 |   6 | 1076.3 |
        Shoals |   1049 |   1049 |      0 |    510 |     59 |   3 |  349.7 |
   Spider Nest |      1 |      1 |      0 |      0 |      0 |   1 |    1.0 |
  Orcish Mines |   3526 |   2998 |    528 |    762 |    883 |   2 | 1763.0 |
   Elven Halls |     22 |     22 |      0 |      0 |      0 |   1 |   22.0 |
      Ice Cave |   1446 |   1446 |      0 |    402 |    500 |   1 | 1446.0 |
      Gauntlet |    628 |    628 |      0 |     80 |     83 |   1 |  628.0 |
               +--------+--------+--------+--------+--------+-----+--------+

Top non-repeatable levels by time:
   Orc:2: 2810 daAuts
     D:9: 2660 daAuts
  Lair:6: 1845 daAuts
    D:10: 1541 daAuts
     D:4: 1536 daAuts
    D:12: 1461 daAuts
   IceCv: 1446 daAuts
    D:15: 1427 daAuts
     D:7: 1416 daAuts
    D:11: 1315 daAuts
  Lair:1: 1290 daAuts
     D:8: 1120 daAuts
     D:6: 1099 daAuts
  Lair:2: 1087 daAuts
     D:5: 1031 daAuts
